AoeStats
← FrankSinatrap

Arabian Desert

509961368Analyzed
1v1 RM · 4d ago on Sep 28, 2026· 44m 58s· 2 players
Game mode
Random Map
Map size
Tiny (2 player)
Population
200
Speed
Normal
Resources
Standard
Victory
Conquest
Starting age
Dark Age
Ending age
Imperial Age
RankedLock teamsTeams togetherTeam positionsShared explorationLock speedFull tech treeHidden civsTurbo modeCheats
Victory
Defeat
1298
+15
🇲🇽 Goths · Mexico
1266
-23
FrankSinatrap
1:44 Loom
9:22 Feudal Age
9:41 Man-at-Arms
15:38 Double-Bit Axe
16:31 Padded Archer Armor
17:15 Fletching
17:31 Scale Mail Armor
19:16 Wheelbarrow
21:23 Fletching
24:50 Castle Age
24:28 Gold Mining
24:45 Horse Collar
25:27 Forging
26:17 Chain Mail Armor
26:17 Squires
25:54 Elite Skirmisher
26:22 Long Swordsman
29:12 Leather Archer Armor
34:52 Bodkin Arrow
45:21 Imperial Age
AiM | Mantequilla de Mani
6:46 Loom
8:48 Feudal Age
13:19 Double-Bit Axe
17:51 Fletching
22:21 Horse Collar
25:05 Castle Age
24:08 Scale Barding Armor
24:13 Forging
24:49 Forging
24:39 Padded Archer Armor
25:11 Bloodlines
25:15 Light Cavalry
25:17 Crossbowman
26:05 Bodkin Arrow
27:26 Leather Archer Armor
27:47 Iron Casting
29:49 Ballistics
30:35 Wheelbarrow
30:12 Husbandry
33:23 Chain Barding Armor
41:47 Imperial Age
41:24 Grand Trunk Road
42:35 Bracer
41:56 Hussar
44:44 Blast Furnace
44:19 Plate Barding Armor
Connection lost

Rejoining the realm…

Still unreachable

The connection could not be restored.

Session expired

The server has moved on; the page needs a fresh start.